 Dungeon Crawl Stone Soup version 0.26.0-10-g1f06aea511 (webtiles) character file.

Game seed: 12725033346393941937

220 Borgoz the Slasher (level 5, -1/45 HPs)
             Began as a Ghoul Gladiator on Jan 15, 2021.
             Killed from afar by an orc wizard (5 damage)
             ... with a magic dart
             ... on level 4 of the Dungeon.
             The game lasted 00:03:25 (3581 turns).

Borgoz the Slasher (Ghoul Gladiator)                Turns: 3581, Time: 00:03:26

Health: -1/45      AC:  4    Str: 18    XL:     5   Next: 97%
Magic:  4/4        EV: 13    Int:  3    God:
Gold:   187        SH:  0    Dex: 11    Spells: 4/4 levels left

rFire    + . .     SeeInvis .   a - +0 long sword
rCold    + + .     Faith    .   (no shield)
rNeg     + + +     Spirit   .   b - +0 leather armour
rPois    ∞         Reflect  .   c - +0 helmet
rElec    +         Harm     .   (no cloak)
rCorr    +         Rampage  .   (no gloves)
Will     .....                  (no boots)
Stlth    +.........             (no amulet)
HPRegen  0.00/turn              (no ring)
MPRegen  0.09/turn              (no ring)

@: resistant, hasted, very quick
A: claws 1, cold resistance 1, negative energy resistance 3, inhibited
regeneration, torment resistance, unbreathing
a: no special abilities


You were on level 4 of the Dungeon.
You visited 1 branch of the dungeon, and saw 5 of its levels.

You collected 187 gold pieces.

Inventory:

Hand Weapons
 a - a +0 long sword (weapon)
Missiles
 d - 6 throwing nets (quivered)
Armour
 b - a +0 leather armour (worn)
 c - a +0 helmet (worn)
Scrolls
 e - a scroll of enchant weapon {unknown}
 g - 3 scrolls of magic mapping {unknown}
 i - 6 scrolls of identify {unknown}
 k - 2 scrolls of amnesia {unknown}
 l - a scroll of teleportation {unknown}
 n - a scroll of immolation {unknown}
 o - 3 scrolls of remove curse {unknown}
 p - a scroll of fear {unknown}
Potions
 f - 2 potions of haste


   Skills:
 + Level 3.2 Fighting
 * Level 4.0 Long Blades
 - Level 1.7 Throwing
 * Level 2.5 Armour
 + Level 3.4 Dodging


You had 4 spell levels left.
You didn't know any spells.
Your spell library contained the following spells:

 Spells                   Type           Power        Failure   Level
 Animate Skeleton         Necr           0%           58%         1
 Apportation              Tloc           0%           58%         1
 Corona                   Hex            0%           58%         1
 Summon Small Mammal      Summ           0%           58%         1


Dungeon Overview and Level Annotations

Branches:
Dungeon (5/15)
 Temple: D:4-7

Altars:
Fedhas
Hepliaklqana
Makhleb


Innate Abilities, Weirdness & Mutations

You thrive by killing the living.
You are immune to poison.
You have sharp fingernails.
Your flesh is cold resistant. (rC+)
You are immune to negative energy. (rN+++)
You do not regenerate when monsters are visible.
You are immune to unholy pain and torment.
You can survive without breathing.


Message History

It was a potion of resistance.
You feel protected. Something hits you but does no damage.
You're too confused to move!
You bump into the rock wall.
Something hits you but does no damage.
You bump into the rock wall.
You feel less confused. Something barely misses you.
You barely miss something. Something hits you.
* * * LOW HITPOINT WARNING * * *
The adder is pulled toward you! The orc is pulled toward you!
Something is pulled toward you! The orc is pulled toward you! x2
The adder is pulled toward you! Something is pulled toward you!
The orc is pulled toward you! x2
Something is pulled toward you! The orc is pulled toward you! x2
The orc is pulled toward you!
You feel less attractive to monsters. The adder barely misses you.
A magic dart appears from out of thin air!
The magic dart hits you.
You die...

#....#(..##.###..# ###..
#.#. ####.#.####.#
#..######## ..# #.#......#
#..#......# #..
#.##.#######..#......# #..
####'##..........#......#
#..
#...<............#......#
#......#.......###......#
#..............###......#
.. .
#.......###.....@.S......#
. . #.......#
#..............# .#.
#.......# #........{.....#
..##+ #.......#
##........o....# #....
#.......# #.............#
#..=. ####....o.#####
#.... #......########....
#........oo.†....#.
###############..#


You could see an adder and 2 orcs.

Vanquished Creatures
  A hound (D:4)
  Jessica (D:2)
  2 worker ants (D:4)
  4 adders
  An ufetubus (D:4)
  2 worms
  An adder skeleton (D:4)
  A dart slug (D:1)
  A leopard gecko (D:2)
  4 orcs
  3 giant cockroaches
  7 goblins
  3 hobgoblins
  10 jackals
  A quokka (D:2)
  A ball python (D:1)
  7 bats
  4 frilled lizards
  6 kobolds
  9 rats
69 creatures vanquished.

Notes
Turn   | Place    | Note
-------+----------+-------------------------------------------
     0 | D:1      | Borgoz the Ghoul Gladiator began the quest for the Orb.
     0 | D:1      | Reached XP level 1. HP: 17/17 MP: 0/0
   427 | D:1      | Reached XP level 2. HP: 24/24 MP: 1/1
   572 | D:1      | Reached skill level 3 in Long Blades
   821 | D:1      | Reached skill level 1 in Armour
   993 | D:2      | Noticed Jessica
   996 | D:2      | Reached XP level 3. HP: 30/30 MP: 2/2
  1001 | D:2      | Killed Jessica
  1181 | D:2      | Reached XP level 4. HP: 37/37 MP: 3/3
  1185 | D:2      | Found a hazy altar of Hepliaklqana.
  1334 | D:2      | Found a faded altar of an unknown god.
  2334 | D:3      | Reached XP level 5. HP: 44/45 MP: 4/4
  2574 | D:3      | Found a blossoming altar of Fedhas.
  2684 | D:3      | Found a burning altar of Makhleb.
  3429 | D:5      | Entered Level 5 of the Dungeon
  3537 | D:4      | Reached skill level 4 in Long Blades
  3542 | D:4      | HP: 1/45 [something/magic dart (10)]
  3581 | D:4      | Killed from afar by an orc wizard

Illustrated notes

Levels and vault maps discovered:
D:1:      dpeg_arrival_rooms_with_view, layout_basic, minivault_19
D:2:      layout_basic, chequers_ecumenical_altar_simple, nrook_mini_backslash,
          st_stairs_10, lemuel_altar_in_water, uniq_jessica
D:3:      layout_rooms, lemuel_coloured_pillars_altar, fedhas_ov_isle_minmay
D:4:      layout_basic, uniq_blork_the_orc, uniq_pikel, uniq_ijyb, uniq_grinder
D:5:      layout_gridville, lemuel_round_altar

Skill      XL: |  1  2  3  4  5 |
---------------+----------------+-----
Long Blades    | 3 4 |  4.0
Armour         | 1 2 |  2.5
Dodging        | 3 |  3.4
Fighting       | 3 |  3.2
Throwing       | |  1.7

Action                   |  1- 3 |  4- 6 || total
-------------------------+-------+-------++-------
Melee: Long sword        |    84 |   168 ||   252
  Use: Potion            |       |     7 ||     7
Armor: Leather armour    |    26 |    70 ||    96
Dodge: Dodged            |    71 |   142 ||   213
       Rpst.: Long sword |    28 |    34 ||    62
